 Dungeon Crawl Stone Soup version 0.28-a0-95-g65e1ffefe4 (webtiles) character file.

Game seed: 17254804912999141107

526 Ezendos the Stinger (level 7, -4/47 HPs)
             Began as an Octopode Venom Mage on Aug 8, 2021.
             Slain by Pikel (9 damage)
             ... on level 4 of the Dungeon.
             The game lasted 00:08:21 (5096 turns).

Ezendos the Stinger (Octopode Venom Mage)           Turns: 5096, Time: 00:08:21

Health: -4/47      AC:  1    Str:  7    XL:     7   Next: 23%
Magic:  9/12       EV: 13    Int: 20    God:
Gold:   54         SH:  0    Dex: 12    Spells: 4/13 levels left

rFire   . . .      SeeInvis .   d - +2 dagger (venom)
rCold   . . .      Faith    .   (no shield)
rNeg    . . .      Spirit   .   (helmet restricted)
rPois   .          Reflect  .   (no amulet)
rElec   .          Harm     .   e - ring of resist corrosion
rCorr   +          Rampage  .   (no ring)
Will    .....                   (no ring)
Stlth   +++.......              (no ring)
HPRegen 0.15/turn               (no ring)
MPRegen 0.13/turn               (no ring)
                                (no ring)
                                (no ring)

@: no status effects
A: almost no armour, amphibious, 8 rings, camouflage 1, gelatinous body 1,
(nimble swimmer 1), tentacles
a: no special abilities


You were on level 4 of the Dungeon.
You visited 1 branch of the dungeon, and saw 4 of its levels.

You collected 82 gold pieces.
You spent 28 gold pieces at shops.

Inventory:

Hand Weapons
 b - a +0 dagger of freezing
 d - a +2 dagger of venom (weapon)
Jewellery
 e - a ring of resist corrosion (left tentacle)
Wands
 l - a wand of flame (2)
Scrolls
 c - a scroll of amnesia
 i - a scroll of fog
 m - a scroll of fear
Potions
 f - a potion of brilliance
 g - a potion of heal wounds
 h - a potion of invisibility
 j - a potion of berserk rage
 k - 2 potions of flight


   Skills:
 + Level 3.9 Fighting
 + Level 3.1 Dodging
 - Level 3.0 Stealth
 + Level 3.7 Spellcasting
 + Level 0.4 Conjurations
 + Level 0.5 Summonings
 - Level 1.0 Transmutations
 + Level 3.2 Air Magic
 + Level 4.1 Poison Magic
 + Level 0.4 Evocations


You had 4 spell levels left.
You knew the following spells:

 Your Spells              Type           Power      Damage    Failure   Level
a - Magic Dart            Conj           20%        1d4       11%         1
b - Poisonous Vapours     Pois/Air       36%        N/A       4%          2
c - Mephitic Cloud        Conj/Pois/Air  14%        N/A       14%         3
d - Sting                 Tmut/Pois      56%        1d5       4%          1
A - Call Imp              Summ           5%         N/A       16%         2

Your spell library contained the following spells:

 Spells                   Type           Power      Damage    Failure   Level
 Olgreb's Toxic Radiance  Pois           20%        N/A       24%         4


Dungeon Overview and Level Annotations

Branches:
Dungeon (4/15)
 Temple: D:4-7

Altars:

Shops:
D:1 *[   D:2 *

Annotations:
D:4 1 transporter, Pikel; night's ghost, novice BaCj


Innate Abilities, Weirdness & Mutations

You cannot wear most types of armour.
You are amphibious.
You can wear up to eight rings at the same time.
Your skin changes colour to match your surroundings (Stealth+).
Your rubbery body absorbs attacks. (AC +1, EV +1)
((You are camouflaged near water. (Stealth+)))
You have tentacles for arms and can constrict up to eight enemies at once.


Message History

You hit the hound skeleton.
You destroy the hound skeleton!
The gnoll shouts!
Pikel says, "You'll make a fine lemure."
Casting: Magic Dart (safe; 11% risk of failure)
Confirm with . or Enter, or press ? or * to list all spells.
Aiming: Poisonous Vapours (safe; 4% risk of failure)
Press: ? - help, Dir - move target, f - Pikel
Aim: Pikel, wielding a +1 whip of electrocution, wearing a +0 robe and carrying a wand of charming (7) Poisonous vapours surround Pikel!
Pikel is poisoned.
Pikel drinks a potion.
Pikel goes berserk!
You hear a shout!
You hear a shout!
You hear a shout!
Okay, then.
As you read the scroll labelled PUNALY HAUGAYF, it crumbles to dust.
It is a scroll of brand weapon.
Your +0 dagger of speed is covered with a thin layer of ice!
b - a +0 dagger of freezing Pikel looks more healthy.
Pikel rages.
Okay, then.
Pikel closely misses you.
Pikel hits you with a +1 whip of electrocution!
Found a transporter.
Pikel rages.
Found a scroll labelled CEUZXU QIYJOMI.
Okay, then.
Pikel barely misses you.
Okay, then.
Casting: Poisonous Vapours (safe; 4% risk of failure)
Confirm with . or Enter, or press ? or * to list all spells.
A beastly little devil appears in a puff of flame.
Pikel hits you with a +1 whip of electrocution!
You are electrocuted!
A lemure comes into view.
Pikel hits you with a +1 whip of electrocution!
* * * LOW HITPOINT WARNING * * *
You are electrocuted!
You die...

.....######## ............#
............# ..# . ............#
#..## . ##.# ###+#.......#
#...##©# .#.^W# #...#.......#
#....###. ##..g# #...#.......#
+......?. #.##.#
#...#.......######....... #....#
#...###'##......@K....# # ....#g
#........#........5..##.##.x##♣ #
#........#.....5....©#/.... #.##
#........#...........####. ##..##
#...##...#..............####....#
#...###########........5.........
......... #........###'##...#
......... #........#....#...+
.......... #........#....#...#


You could see Pikel (berserk, ally target), 2 lemures and a friendly crimson imp
(summoned).

Vanquished Creatures
  Grinder (D:3)
  An ogre (D:3)
  A hornet zombie (D:4)
  Terence (D:2)
  A hound skeleton (D:4)
  5 adders
  2 dart slugs
  12 orcs
  2 endoplasms (D:1)
  8 goblins
  5 hobgoblins
  2 quokkas
  3 ball pythons
  4 bats
  A frilled lizard (D:1)
  5 kobolds
  6 rats
60 creatures vanquished.

Notes
Turn   | Place    | Note
-------+----------+-------------------------------------------
     0 | D:1      | Ezendos the Octopode Venom Mage began the quest for the
                  | Orb.
     0 | D:1      | Reached XP level 1. HP: 11/11 MP: 3/3
   106 | D:1      | Reached skill level 1 in Fighting
   309 | D:1      | Reached XP level 2. HP: 12/18 MP: 0/5
   415 | D:1      | Learned a level 2 spell: Poisonous Vapours
   613 | D:1      | Found Ewus's Armour Shop.
   677 | D:1      | Found Isaec's General Store.
  1389 | D:1      | Reached XP level 3. HP: 24/24 MP: 6/6
  1690 | D:2      | Found Ydufan's General Store.
  1705 | D:2      | Reached skill level 1 in Air Magic
  1865 | D:2      | Bought a scroll of fog for 28 gold pieces
  2043 | D:2      | Noticed Terence
  2058 | D:2      | Killed Terence
  2059 | D:2      | Reached skill level 4 in Poison Magic
  2059 | D:2      | Reached XP level 4. HP: 29/29 MP: 1/7
  2371 | D:2      | Found a faded altar of an unknown god.
  2432 | D:3      | Noticed Grinder
  3253 | D:3      | Killed Grinder
  3254 | D:3      | Reached XP level 5. HP: 22/36 MP: 0/10
  3254 | D:3      | Reached XP level 6. HP: 25/42 MP: 0/11
  3770 | D:3      | Learned a level 3 spell: Mephitic Cloud
  4016 | D:3      | Reached XP level 7. HP: 47/47 MP: 3/12
  4274 | D:3      | Learned a level 1 spell: Magic Dart
  4277 | D:3      | Learned a level 2 spell: Call Imp
  5059 | D:4      | Noticed Pikel
  5069 | D:4      | Noticed night's ghost (novice BaCj)
  5092 | D:4      | Found a transporter.
  5096 | D:4      | Slain by Pikel

Illustrated notes

Levels and vault maps discovered:
D:1:      noname_arrival_rooms_in_the_neighbourhood, layout_basic, serial_shops,
          shop, nicolae_diamond_shop
D:2:      layout_basic, hellmonk_ecumenical_altar_inner_sanctum, serial_shops,
          shop, hangedman_feature_mirror, grunt_decor_fettered, uniq_terence
D:3:      layout_basic, uniq_grinder
D:4:      layout_gridville, gammafunk_ghost_abyssal_escape, uniq_pikel,
          uniq_natasha

Skill      XL: |  1  2  3  4  5  6 |
---------------+-------------------+-----
Fighting       | 1 2 3 |  3.9
Stealth        | 3 |  3.0
Air Magic      | 1 2 3 |  3.2
Poison Magic   | 4 |  4.1
Dodging        | 3 |  3.1
Spellcasting   | 3 |  3.7
Conjurations   | |  0.4
Summonings     | |  0.5
Transmutations | |  1.0
Evocations     | |  0.4

Action                   |  1- 3 |  4- 6 |  7- 9 || total
-------------------------+-------+-------+-------++-------
Melee: Dagger            |    25 |    26 |    12 ||    63
       Constrict         |     6 |     7 |     3 ||    16
       Tentacles         |     1 |     2 |     4 ||     7
 Cast: Sting             |    23 |    29 |     3 ||    55
       Poisonous Vapours |     7 |    24 |     9 ||    40
       Magic Dart        |       |       |    20 ||    20
       Call Imp          |       |       |     5 ||     5
Evoke: Wand              |       |     8 |       ||     8
  Use: Scroll            |     3 |     2 |     2 ||     7
       Potion            |       |     1 |       ||     1
 Stab: Sleeping          |     9 |     1 |       ||    10
Armor: Skin              |     2 |     1 |     1 ||     4
Dodge: Dodged            |    12 |    43 |    13 ||    68

Table legend: (Time is in decaauts)
 A = Elapsed time spent in this place.
 B = Non-inter-level travel time spent in this place.
 C = Inter-level travel time spent in this place.
 D = Time resting spent in this place.
 E = Time spent auto-exploring this place.
 F = Levels seen in this place.
 G = Mean time per level.
                   A        B        C        D        E       F      G
               +--------+--------+--------+--------+--------+-----+--------+
         Total |   5105 |   4840 |    265 |    867 |   3333 |   4 | 1276.2 |
       Dungeon |   5105 |   4840 |    265 |    867 |   3333 |   4 | 1276.2 |
               +--------+--------+--------+--------+--------+-----+--------+

Top non-repeatable levels by time:
     D:3: 1597 daAuts
     D:2: 1547 daAuts
     D:1: 1449 daAuts
     D:4: 511 daAuts
